 Dungeon Sprint DCSS version 0.17-a0-1078-g243345b (webtiles) character file.

63214 Trafet the Acrobat (level 14, -10/83 HPs)
             Began as a Spriggan Air Elementalist on May 19, 2015.
             Was the Champion of Vehumet.
             Mangled by Mennas
             ... wielding a +2 eudemon blade of holy wrath
              (15 damage)
             ... in the Dungeon (Sprint IX: "|||||||||||||||||||||||||||||").
             The game lasted 00:29:03 (7134 turns).

Trafet the Acrobat (Spriggan Air Elementalist)      Turns: 7134, Time: 00:29:03

Health: -10/83     AC:  7    Str:  4    XL:     14   Next: 67%
Magic:  22/38      EV: 35    Int: 22    God:    Vehumet [******]
Gold:   1428       SH:  0    Dex: 16    Spells: 10 memorised, 7 levels left

rFire  . . .     SeeInvis +     m - staff of energy
rCold  . . .     Clarity  .     a - +0 robe
rNeg   . . .     SustAb   .     (shield restricted)
rPois  .         Gourm    .     J - +1 hat
rElec  .         Spirit   .     (no cloak)
rCorr  .         Warding  .     (gloves unavailable)
rMut   .         NoTele   +     (boots unavailable)
MR     ++...                    (no amulet)
Stlth  +.........               o - +2 ring of protection
                                n - +2 ring of protection

@: glowing, silenced, repel missiles, very quick, very resistant to hostile
enchantments, very unstealthy
A: unfitting armour, see invisible, herbivore 3, speed 3, slow metabolism 2
a: Renounce Religion


You were in the Dungeon.
You worshipped Vehumet.
Vehumet was exalted by your worship.
You were not hungry.

You visited 1 branch You collected 1916 gold pieces.
You spent 488 gold pieces at shops.

Inventory:

Hand weapons
 j - a +0 dagger of venom
Armour
 a - a +0 robe (worn)
 E - a +1 fire dragon armour
 J - a +1 hat (worn)
Magical staves
 m - an uncursed staff of energy (weapon)
Jewellery
 n - a +2 ring of protection (left hand)
 o - a +2 ring of protection (right hand)
 B - an uncursed ring of protection from magic
 C - an uncursed ring of fire
 D - an uncursed ring of protection from fire
Magical devices
 l - a wand of fire (7)
 w - a wand of enslavement (6)
 y - a wand of random effects (24)
Scrolls
 h - 3 scrolls of remove curse
 i - 4 scrolls of blinking
 k - a scroll of amnesia
 r - 2 scrolls of enchant weapon
 s - 2 scrolls of enchant armour
 t - 2 scrolls of fog
 G - 2 scrolls of fear
 H - a scroll of recharging
Potions
 d - a potion of invisibility
 e - 3 potions of heal wounds
 f - 2 potions of curing
 g - a potion of magic
 p - 3 potions of brilliance
 q - a potion of berserk rage
 u - a potion of resistance
 x - a potion of might {unknown}
 F - a potion of cure mutation
 I - a potion of mutation {unknown}
Books
 b - a book of Air

   Spells                             Type                      Level
   a - Shock                          Conjuration/Air              1
   b - Swiftness                      Charms/Air                   2
   c - Repel Missiles                 Charms/Air                   2
   d - Static Discharge               Conjuration/Air              3
   e - Lightning Bolt                 Conjuration/Air              5
Comestibles
 c - 16 bread rations
 v - 44 fruits
 z - a royal jelly
 A - a slice of pizza


   Skills:
 + Level 13.6 Fighting
 + Level 8.0 Armour
 + Level 21.9 Dodging
 - Level 3.0 Stealth
 + Level 19.4 Spellcasting
 * Level 14.1 Conjurations
 - Level 11.0 Fire Magic
 * Level 16.6 Air Magic
 + Level 7.0 Earth Magic


You had 7 spell levels left.
You knew the following spells:

 Your Spells              Type           Power        Failure   Level  Hunger
a - Shock                 Conj/Air       ####         0%          1    None
b - Repel Missiles        Chrm/Air       ######       1%          2    None
c - Swiftness             Chrm/Air       ######..     1%          2    None
d - Lightning Bolt        Conj/Air       ######....   1%          5    None
e - Mephitic Cloud        Conj/Pois/Air  ######..     1%          3    None
f - Iron Shot             Conj/Erth      ######....   1%          6    None
g - Lee's Rapid Deconstr  Erth           ######....   1%          5    None
h - Freezing Cloud        Conj/Ice/Air   ######....   1%          6    None
i - Bolt of Fire          Conj/Fire      ######....   1%          6    None
j - Chain Lightning       Conj/Air       ######....   9%          8    None


Dungeon Overview and Level Annotations

Branches:
Dungeon (1/1)

Altars:
Cheibriados
Dithmenos
Elyvilon
Fedhas
Gozag
Kikubaaqudgha
Makhleb
Nemelex Xobeh
Okawaru
Qazlal
Ru
Sif Muna
Trog
Vehumet
Xom
Yredelemnul
Zin
The Shining One
Beogh
Jiyva
Lugonu

Shops:
D ?%*[

Annotations:
D Mennas


Innate Abilities, Weirdness & Mutations

You are tiny and cannot use many weapons and most armour.
You have supernaturally acute eyesight.
You are a herbivore.
You cover ground extremely quickly.
You need consume almost no food.


Message History

Mennas completely misses you. x2
Mennas barely misses you.
Mennas hits you with an eudemon blade of holy wrath!!
Mennas hits you with an eudemon blade of holy wrath.
Mennas gestures frantically.
You resist with some effort.
Mennas shakes his head sadly.
Mennas gestures frantically.
Mennas's surroundings become eerily quiet.
Mennas completely misses you.
Mennas hits you with an eudemon blade of holy wrath.
Mennas misses you. Mennas barely misses you.
Mennas hits you with an eudemon blade of holy wrath!
* * * LOW HITPOINT WARNING * * *
Mennas closely misses you. Mennas misses you.
Mennas hits you with an eudemon blade of holy wrath!!
* * * LOW HITPOINT WARNING * * *
Mennas hits you with an eudemon blade of holy wrath!
You die...

▓.▓'▓.▓.▓.▓'▓.▓'▓.
▓.▓.▓.▓.▓.▓.▓.▓.▓.
▓.▓.▓.▓.▓.▓.▓.▓.▓.
▓.▓.▓.▓.▓.▓.▓.▓.▓.
▓.▓.▓.▓.▓.▓.▓.▓.▓.
▓.▓.▓.▓.▓.▓.▓.▓.▓.
▓.▓.▓.▓.▓.▓.▓.▓.▓.
▓A▓.▓.▓.▓.▓.▓.▓.▓.
▓@▓.▓.▓.▓.▓.▓.▓.▓.
▓...▓...▓...▓...▓.
▓▓▓▓▓▓▓▓▓▓▓▓▓▓▓▓▓▓


You could see Mennas.

Vanquished Creatures
  Gastronok (D)
  A thorn hunter (D)
  2 fire giants (D)
  3 vault wardens (D)
  A frost giant (D)
  2 very ugly things (D)
  3 stone giants (D)
  A spriggan defender (D)
  4 rakshasas (D)
  A merfolk javelineer (D)
  An ettin (D)
  A merfolk impaler (D)
  3 great orbs of eyes (D)
  A fire dragon (D)
  An entropy weaver (D)
  A yaktaur captain (D)
  A catoblepas (D)
  4 hydras (D)
  An anaconda (D)
  2 ghost crabs (shapeshifter) (D)
  Erica (D)
  A centaur warrior (D)
  An ogre mage (D)
  6 death yaks (D)
  3 alligators (D)
  A tengu warrior (D)
  A vampire mage (D)
  A hell knight (D)
  A naga sharpshooter (D)
  An orc high priest (D)
  Sonja (D)
  A spectral catoblepas (D)
  2 sea snakes (D)
  A hill giant (D)
  An ugly thing (D)
  3 ironbrand convokers (D)
  8 orc sorcerers (D)
  A cyclops (D)
  5 wolf spiders (D)
  A salamander (shapeshifter) (D)
  2 orb spiders (D)
  A vault sentinel (D)
  A hornet (D)
  2 draconians (shapeshifter) (D)
  An orc knight (D)
  A siren (D)
  5 black mambas (D)
  Psyche (D)
  A guardian serpent (D)
  A spiny frog (D)
  A yaktaur (D)
  2 red devils (D)
  A freezing wraith (D)
  A merfolk (D)
  A blink frog (shapeshifter) (D)
  A blink frog (D)
  A slime creature (D)
  3 boulder beetles (D)
  2 snapping turtles (D)
  A trapdoor spider (D)
  A wyvern (D)
  A shadow (D)
  4 yaks (D)
  3 deep elf fighters (D)
  3 hippogriffs (D)
  Eustachio (D)
  A vampire mosquito (D)
  Grum (D)
  4 wolves (D)
  A naga (D)
  A soldier ant (D)
  A mottled dragon (D)
  3 porcupines (D)
  A spider (D)
  9 orc warriors (D)
  3 water moccasins (D)
  An ogre (D)
  A centaur (D)
  2 crocodiles (D)
  4 crimson imps (D)
  An iguana (D)
  A jelly (D)
  5 orc priests (D)
  8 orc wizards (D)
  A worker ant (D)
  2 river rats (D)
  A shadow imp (D)
  A spectral adder (D)
  2 ufetubi (D)
  6 orcs (D)
  2 spectral bats (D)
  A bat (D)
  2 bat skeletons (D)
  2 goblins (D)
  3 kobolds (D)
  A ball python zombie (D)
  A giant cockroach simulacrum (D)
  A giant cockroach zombie (D)
  A giant gecko skeleton (D)
  2 rats (D)
  A spectral giant cockroach (D)
  A spectral jackal (D)
  A spectral quokka (D)
  A plant (D)
200 creatures vanquished.

Vanquished Creatures (others)
  2 fungi (D)
2 creatures vanquished.

Grand Total: 202 creatures vanquished

Notes
Turn   | Place    | Note
--------------------------------------------------------------
     0 | D        | Trafet the Spriggan Air Elementalist began the quest for the Orb.
     0 | D        | Reached XP level 1. HP: 9/9 MP: 5/5
     5 | D        | Reached skill level 1 in Conjurations
    50 | D        | Noticed a worker ant
    50 | D        | Noticed an ogre
    56 | D        | Reached XP level 2. HP: 10/13 MP: 3/7
    65 | D        | Killed a worker ant
    65 | D        | Reached skill level 5 in Spellcasting
    65 | D        | Reached XP level 3. HP: 15/16 MP: 2/10
    68 | D        | Killed an ogre
    68 | D        | Reached skill level 7 in Spellcasting
    68 | D        | Reached skill level 5 in Air Magic
    68 | D        | Reached XP level 4. HP: 18/21 MP: 2/14
    93 | D        | Found a glowing silver altar of Zin.
    93 | D        | Found a glowing golden altar of the Shining One.
    93 | D        | Found an ancient bone altar of Kikubaaqudgha.
    93 | D        | Found a basalt altar of Yredelemnul.
    93 | D        | Found a shimmering altar of Xom.
    93 | D        | Found a radiant altar of Vehumet.
    94 | D        | Found an iron altar of Okawaru.
    95 | D        | Found a burning altar of Makhleb.
    96 | D        | Found a deep blue altar of Sif Muna.
    97 | D        | Found a bloodstained altar of Trog.
    98 | D        | Found a sparkling altar of Nemelex Xobeh.
    99 | D        | Found a white marble altar of Elyvilon.
   100 | D        | Found a roughly hewn altar of Beogh.
   101 | D        | Found a viscous altar of Jiyva.
   102 | D        | Found a corrupted altar of Lugonu.
   105 | D        | Became a worshipper of Vehumet
   257 | D        | Found a blossoming altar of Fedhas.
   258 | D        | Found a snail-covered altar of Cheibriados.
   259 | D        | Found a shadowy altar of Dithmenos.
   260 | D        | Found a stormy altar of Qazlal.
   261 | D        | Found an opulent altar of Gozag.
   262 | D        | Found a sacrificial altar of Ru.
   290 | D        | Noticed a centaur
   290 | D        | Noticed an orc wizard
   290 | D        | Noticed a crimson imp
   290 | D        | Noticed a wyvern
   297 | D        | Killed a centaur
   297 | D        | Acquired Vehumet's first power
   297 | D        | Offered knowledge of Flame Tongue by Vehumet.
   297 | D        | Reached skill level 1 in Fighting
   297 | D        | Reached XP level 5. HP: 18/26 MP: 10/16
   300 | D        | Killed a crimson imp
   302 | D        | Killed an orc wizard
   302 | D        | Reached skill level 8 in Spellcasting
   320 | D        | Killed a wyvern
   320 | D        | Reached skill level 9 in Dodging
   320 | D        | Reached skill level 5 in Conjurations
   320 | D        | Reached XP level 6. HP: 20/32 MP: 7/18
   443 | D        | Learned a level 2 spell: Repel Missiles
   446 | D        | Learned a level 2 spell: Swiftness
   452 | D        | Learned a level 5 spell: Lightning Bolt
   458 | D        | Noticed a cyclops
   458 | D        | Noticed a mottled dragon
   458 | D        | Noticed a hill giant
   458 | D        | Noticed a yak
   463 | D        | Killed a hill giant
   463 | D        | Reached skill level 11 in Dodging
   463 | D        | Reached skill level 10 in Spellcasting
   463 | D        | Reached XP level 7. HP: 34/38 MP: 4/21
   463 | D        | Acquired Vehumet's second power
   465 | D        | Killed a cyclops
   465 | D        | Reached skill level 5 in Fighting
   465 | D        | Reached XP level 8. HP: 38/44 MP: 4/23
   467 | D        | Killed a mottled dragon
   467 | D        | Offered knowledge of Magic Dart by Vehumet.
   468 | D        | Killed a yak
   468 | D        | Reached skill level 12 in Dodging
   641 | D        | Noticed Erica
   652 | D        | Killed Erica
   652 | D        | Acquired Vehumet's third power
   652 | D        | Reached skill level 13 in Dodging
   652 | D        | Reached XP level 9. HP: 47/49 MP: 4/25
   817 | D        | Noticed a yak
   817 | D        | Noticed a water moccasin
   817 | D        | Noticed an iguana
   817 | D        | Noticed a water moccasin
   817 | D        | Noticed a spiny frog
   817 | D        | Noticed a crocodile
   818 | D        | Killed a water moccasin
   818 | D        | Offered knowledge of Mephitic Cloud by Vehumet.
   818 | D        | Killed a water moccasin
   819 | D        | Killed an iguana
   820 | D        | Noticed a crocodile
   820 | D        | Killed a yak
   820 | D        | Killed a spiny frog
   820 | D        | Killed a crocodile
   821 | D        | Noticed a yak
   823 | D        | Noticed a hippogriff
   823 | D        | Killed a yak
   823 | D        | Reached skill level 10 in Air Magic
   825 | D        | Killed a hippogriff
   825 | D        | Reached skill level 14 in Dodging
   827 | D        | Killed a crocodile
   936 | D        | Noticed a water moccasin
   936 | D        | Noticed a porcupine
   936 | D        | Noticed an eight-headed hydra
   936 | D        | Noticed a seven-headed hydra
   936 | D        | Noticed a porcupine
   936 | D        | Noticed a blink frog
   937 | D        | Killed a porcupine
   939 | D        | Noticed a seven-headed hydra
   939 | D        | Killed a seven-headed hydra
   939 | D        | Reached XP level 10. HP: 54/56 MP: 18/28
   940 | D        | Killed an eight-headed hydra
   940 | D        | Reached skill level 15 in Dodging
   940 | D        | Killed a water moccasin
   941 | D        | Noticed a porcupine
   941 | D        | Killed a blink frog
   941 | D        | Killed a porcupine
   942 | D        | Killed a porcupine
   943 | D        | Noticed a hippogriff
   943 | D        | Killed a seven-headed hydra
   943 | D        | Killed a hippogriff
   952 | D        | Learned a level 3 spell: Mephitic Cloud
  1053 | D        | Noticed a catoblepas
  1053 | D        | Noticed a death yak
  1053 | D        | Noticed a death yak
  1053 | D        | Noticed a death yak
  1053 | D        | Noticed a yak
  1053 | D        | Noticed a death yak
  1056 | D        | Killed a death yak
  1056 | D        | Offered knowledge of Inner Flame by Vehumet.
  1056 | D        | Killed a yak
  1057 | D        | Noticed a death yak
  1057 | D        | Killed a death yak
  1057 | D        | Reached skill level 16 in Dodging
  1057 | D        | Killed a death yak
  1057 | D        | Reached XP level 11. HP: 36/62 MP: 20/30
  1057 | D        | Killed a death yak
  1351 | D        | Killed a death yak
  1351 | D        | Offered knowledge of Force Lance by Vehumet.
  1351 | D        | Reached skill level 10 in Conjurations
  1532 | D        | Killed a catoblepas
  1532 | D        | Reached skill level 10 in Fighting
  1532 | D        | Reached skill level 17 in Dodging
  1532 | D        | Reached skill level 15 in Spellcasting
  1661 | D        | Noticed a death yak
  1663 | D        | Killed a death yak
  1663 | D        | Offered knowledge of Iron Shot by Vehumet.
  1671 | D        | Learned a level 6 spell: Iron Shot
  1766 | D        | Noticed Sonja
  1768 | D        | Killed Sonja
  1781 | D        | Noticed Psyche
  1787 | D        | Killed Psyche
  1926 | D        | Noticed Eustachio
  1932 | D        | Killed Eustachio
  1963 | D        | Noticed an orc wizard
  1963 | D        | Noticed an orc priest
  1963 | D        | Noticed an orc priest
  1964 | D        | Killed an orc priest
  1964 | D        | Offered knowledge of Poisonous Cloud by Vehumet.
  1964 | D        | Killed an orc priest
  1965 | D        | Killed an orc wizard
  1967 | D        | Noticed an orc priest
  1970 | D        | Noticed an orc warrior
  1971 | D        | Killed an orc priest
  1972 | D        | Noticed an orc wizard
  1973 | D        | Noticed an orc priest
  1975 | D        | Killed an orc warrior
  1975 | D        | Killed an orc wizard
  1976 | D        | Killed an orc priest
  2114 | D        | Noticed an orc warrior
  2114 | D        | Noticed an orc warrior
  2114 | D        | Noticed an orc knight
  2114 | D        | Noticed an orc warrior
  2114 | D        | Noticed an orc warrior
  2114 | D        | Noticed an orc warrior
  2115 | D        | Killed an orc warrior
  2116 | D        | Noticed an orc high priest
  2116 | D        | Killed an orc warrior
  2116 | D        | Killed an orc knight
  2117 | D        | Killed an orc warrior
  2117 | D        | Killed an orc warrior
  2117 | D        | Killed an orc warrior
  2119 | D        | Killed an orc high priest
  2120 | D        | Noticed an orc warrior
  2120 | D        | Noticed a stone giant
  2121 | D        | Noticed an orc warrior
  2122 | D        | Noticed an orc warrior
  2123 | D        | Noticed an orc priest
  2126 | D        | Killed an orc warrior
  2126 | D        | Killed an orc warrior
  2126 | D        | Reached skill level 18 in Dodging
  2126 | D        | Killed an orc priest
  2127 | D        | Killed an orc warrior
  2128 | D        | Killed a stone giant
  2248 | D        | Found Omur's Magic Scroll Emporium.
  2248 | D        | Noticed an orc wizard
  2248 | D        | Noticed an orc wizard
  2248 | D        | Noticed an orc wizard
  2248 | D        | Noticed an orc sorcerer
  2248 | D        | Noticed an orc sorcerer
  2249 | D        | Killed an orc wizard
  2249 | D        | Killed an orc wizard
  2249 | D        | Offered knowledge of Poison Arrow by Vehumet.
  2250 | D        | Killed an orc sorcerer
  2251 | D        | Noticed an orc sorcerer
  2251 | D        | Killed an orc wizard
  2251 | D        | Killed an orc sorcerer
  2251 | D        | Reached XP level 12. HP: 68/70 MP: 21/33
  2252 | D        | Killed an orc sorcerer
  2253 | D        | Noticed an orc wizard
  2254 | D        | Noticed an orc sorcerer
  2255 | D        | Found Wizxerah's Food Shoppe.
  2256 | D        | Noticed an orc sorcerer
  2259 | D        | Noticed an orc sorcerer
  2260 | D        | Killed an orc wizard
  2275 | D        | Killed an orc sorcerer
  2275 | D        | Killed an orc sorcerer
  2275 | D        | Reached skill level 1 in Armour
  2280 | D        | Killed an orc sorcerer
  2281 | D        | Noticed an orc sorcerer
  2309 | D        | Noticed an orc wizard
  2316 | D        | Killed an orc sorcerer
  2318 | D        | Noticed an orc sorcerer
  2468 | D        | Killed an orc sorcerer
  2525 | D        | Killed an orc wizard
  2525 | D        | Offered knowledge of Lee's Rapid Deconstruction by Vehumet.
  2532 | D        | Learned a level 5 spell: Lee's Rapid Deconstruction
  2600 | D        | Found Diorujuo's General Store.
  2604 | D        | Found Jongan's Antique Armour Shoppe.
  2611 | D        | Bought a bread ration for 70 gold pieces
  2611 | D        | Bought a bread ration for 70 gold pieces
  2611 | D        | Bought a fruit for 21 gold pieces
  2611 | D        | Bought a bread ration for 70 gold pieces
  2611 | D        | Bought a royal jelly for 28 gold pieces
  2611 | D        | Bought a slice of pizza for 21 gold pieces
  2611 | D        | Bought 3 fruits for 63 gold pieces
  2611 | D        | Bought a bread ration for 70 gold pieces
  2617 | D        | Bought a scroll of blinking for 75 gold pieces
  2676 | D        | Noticed a wolf
  2678 | D        | Noticed a wolf
  2678 | D        | Noticed a wolf
  2683 | D        | Killed a wolf
  2684 | D        | Killed a wolf
  2686 | D        | Noticed Grum
  2686 | D        | Killed a wolf
  2687 | D        | Killed Grum
  2690 | D        | Noticed a wolf
  2698 | D        | Killed a wolf
  2698 | D        | Reached skill level 19 in Dodging
  2907 | D        | Noticed a crimson imp
  2907 | D        | Noticed a soldier ant
  2907 | D        | Noticed a crimson imp
  2907 | D        | Noticed a blink frog
  2907 | D        | Noticed a crimson imp
  2907 | D        | Noticed a shadow
  2908 | D        | Killed a crimson imp
  2908 | D        | Killed a crimson imp
  2910 | D        | Killed a shadow
  2911 | D        | Noticed a centaur warrior
  2911 | D        | Killed a crimson imp
  2912 | D        | Noticed a jelly
  2912 | D        | Killed a blink frog
  2912 | D        | Killed a jelly
  2912 | D        | Offered knowledge of Freezing Cloud by Vehumet.
  2914 | D        | Killed a soldier ant
  2916 | D        | Noticed a white ugly thing
  2919 | D        | Noticed a fire giant
  2921 | D        | Noticed a frost giant
  2922 | D        | Killed a centaur warrior
  2923 | D        | Noticed a stone giant
  2932 | D        | Noticed a slime creature
  2987 | D        | Learned a level 6 spell: Freezing Cloud
  3160 | D        | Killed a white ugly thing
  3233 | D        | Killed a fire giant
  3316 | D        | Killed a frost giant
  3347 | D        | Killed a stone giant
  3467 | D        | Killed a slime creature
  3467 | D        | Offered knowledge of Bolt of Fire by Vehumet.
  3470 | D        | Noticed a ghost crab
  3481 | D        | Killed a ghost crab
  3780 | D        | Learned a level 6 spell: Bolt of Fire
  4271 | D        | Noticed an alligator
  4271 | D        | Noticed a seven-headed hydra
  4271 | D        | Noticed an alligator
  4271 | D        | Noticed an alligator
  4272 | D        | Noticed a thorn hunter
  4274 | D        | Killed a seven-headed hydra
  4274 | D        | Killed a vampire mosquito
  4275 | D        | Killed an alligator
  4275 | D        | Killed an alligator
  4275 | D        | Reached skill level 5 in Fire Magic
  4275 | D        | Killed an alligator
  4275 | D        | Offered knowledge of Delayed Fireball by Vehumet.
  4275 | D        | Reached XP level 13. HP: 72/75 MP: 30/35
  4278 | D        | Killed a thorn hunter
  4340 | D        | Noticed an orb spider
  4340 | D        | Noticed a wolf spider
  4340 | D        | Noticed a wolf spider
  4340 | D        | Noticed a spider
  4340 | D        | Noticed an entropy weaver
  4340 | D        | Noticed an orb spider
  4342 | D        | Noticed a trapdoor spider
  4342 | D        | Killed an orb spider
  4342 | D        | Killed a spider
  4342 | D        | Killed a wolf spider
  4343 | D        | Killed a wolf spider
  4344 | D        | Killed a trapdoor spider
  4345 | D        | Killed an orb spider
  4345 | D        | Killed a wolf spider
  4345 | D        | Reached skill level 10 in Fire Magic
  4347 | D        | Killed an entropy weaver
  4350 | D        | Noticed a boulder beetle
  4356 | D        | Learned a level 7 spell: Delayed Fireball
  4357 | D        | Killed a boulder beetle
  4544 | D        | Noticed a sea snake
  4544 | D        | Noticed a merfolk
  4544 | D        | Noticed a snapping turtle
  4544 | D        | Noticed a sea snake
  4544 | D        | Noticed a merfolk impaler
  4544 | D        | Noticed a hippogriff
  4546 | D        | Killed a merfolk
  4546 | D        | Offered knowledge of Lehudib's Crystal Spear by Vehumet.
  4546 | D        | Offered knowledge of Chain Lightning by Vehumet.
  4546 | D        | Offered knowledge of Tornado by Vehumet.
  4547 | D        | Noticed a siren
  4547 | D        | Killed a sea snake
  4549 | D        | Killed a snapping turtle
  4549 | D        | Killed a merfolk impaler
  4549 | D        | Reached skill level 20 in Dodging
  4549 | D        | Killed a hippogriff
  4550 | D        | Killed a sea snake
  4550 | D        | Killed a siren
  4568 | D        | Noticed a snapping turtle
  4569 | D        | Killed a snapping turtle
  4570 | D        | Noticed a merfolk javelineer
  4576 | D        | Killed a merfolk javelineer
  4576 | D        | Reached skill level 5 in Armour
  4708 | D        | Noticed a black mamba
  4708 | D        | Noticed a black mamba
  4708 | D        | Noticed a black mamba
  4708 | D        | Noticed a naga sharpshooter
  4708 | D        | Noticed an anaconda
  4708 | D        | Noticed a guardian serpent
  4710 | D        | Killed a black mamba
  4710 | D        | Killed a black mamba
  4711 | D        | Killed a black mamba
  4711 | D        | Killed a guardian serpent
  4711 | D        | Killed a black mamba
  4711 | D        | Reached skill level 1 in Earth Magic
  4712 | D        | Noticed a black mamba
  4712 | D        | Killed a black mamba
  4713 | D        | Killed a naga sharpshooter
  4714 | D        | Killed an anaconda
  4725 | D        | Learned a level 8 spell: Chain Lightning
  4730 | D        | Noticed a naga
  4747 | D        | Killed a naga
  4898 | D        | Noticed Gastronok
  4904 | D        | Killed Gastronok
  5036 | D        | Noticed a vampire mage
  5036 | D        | Noticed a yaktaur
  5036 | D        | Noticed a rakshasa
  5036 | D        | Noticed a purple very ugly thing
  5036 | D        | Noticed a fire dragon
  5036 | D        | Noticed a hell knight
  5037 | D        | Noticed a fire giant
  5038 | D        | Killed a yaktaur
  5039 | D        | Killed a vampire mage
  5040 | D        | Killed a fire dragon
  5043 | D        | Killed a purple very ugly thing
  5043 | D        | Killed a hell knight
  5043 | D        | Reached skill level 15 in Air Magic
  5045 | D        | Killed a fire giant
  5045 | D        | Killed a rakshasa
  5046 | D        | Killed a rakshasa
  5046 | D        | Reached XP level 14. HP: 52/81 MP: 7/37
  5047 | D        | Reached skill level 21 in Dodging
  5063 | D        | Noticed a spriggan defender
  5235 | D        | Killed a spriggan defender
  5424 | D        | Noticed a great orb of eyes
  5425 | D        | Noticed an ettin
  5428 | D        | Noticed a yaktaur captain
  5433 | D        | Paralysed by a great orb of eyes for 6 turns
  5453 | D        | Killed a yaktaur captain
  5455 | D        | Killed a great orb of eyes
  5455 | D        | Killed an ettin
  5598 | D        | Noticed a stone giant
  5610 | D        | Killed a stone giant
  5610 | D        | Reached skill level 5 in Earth Magic
  5626 | D        | Noticed a great orb of eyes
  5629 | D        | Killed a great orb of eyes
  5703 | D        | Noticed a green very ugly thing
  5739 | D        | Killed a green very ugly thing
  5895 | D        | Noticed a tengu warrior
  5899 | D        | Killed a tengu warrior
  5915 | D        | Noticed a rakshasa
  5919 | D        | Killed a rakshasa
  5919 | D        | Killed a rakshasa
  6140 | D        | Noticed a draconian
  6140 | D        | Noticed a yaktaur
  6140 | D        | Noticed a vault warden
  6140 | D        | Noticed a hornet
  6140 | D        | Noticed an ironbrand convoker
  6140 | D        | a yaktaur changed into a shapeshifter
  6142 | D        | Killed a deep elf fighter
  6143 | D        | Killed an ironbrand convoker
  6143 | D        | Killed a deep elf fighter
  6144 | D        | Killed a wolf spider
  6145 | D        | Killed a hornet
  6145 | D        | Killed a draconian
  6151 | D        | Killed a vault warden
  6154 | D        | Noticed a vault warden
  6202 | D        | Killed a vault warden
  6329 | D        | Noticed a boulder beetle
  6333 | D        | Killed a boulder beetle
  6340 | D        | Noticed a freezing wraith
  6341 | D        | Killed a freezing wraith
  6381 | D        | Noticed an ironbrand convoker
  6383 | D        | Killed an ironbrand convoker
  6386 | D        | Noticed an ogre mage
  6389 | D        | Killed an ogre mage
  6392 | D        | Noticed a wolf spider
  6394 | D        | Killed a wolf spider
  6444 | D        | Noticed a vault warden
  6726 | D        | Killed a vault warden
  6731 | D        | Noticed a vault sentinel
  6739 | D        | Killed a vault sentinel
  6752 | D        | Noticed a deep elf fighter
  6761 | D        | Killed a deep elf fighter
  6787 | D        | Noticed a boulder beetle
  6796 | D        | Killed a boulder beetle
  6979 | D        | Noticed a great orb of eyes
  6981 | D        | Noticed an ironbrand convoker
  6983 | D        | Killed an ironbrand convoker
  6986 | D        | Killed a great orb of eyes
  7084 | D        | Noticed Mennas
  7134 | D        | Mangled by Mennas

Vault maps used:
D:        linesprint

Action                   |  1- 3 |  4- 6 |  7- 9 | 10-12 | 13-15 || total
-------------------------+-------+-------+-------+-------+-------++-------
Melee: Dagger            |     4 |       |       |       |       ||     4
       Staff             |       |       |       |    76 |    12 ||    88
 Cast: Shock             |     8 |    12 |    14 |    49 |     9 ||    92
       Lightning Bolt    |       |     3 |    12 |    98 |    73 ||   186
       Repel Missiles    |       |       |       |     1 |     1 ||     2
       Freezing Cloud    |       |       |       |     4 |    15 ||    19
       Iron Shot         |       |       |       |       |    23 ||    23
       Bolt of Fire      |       |       |       |       |     7 ||     7
       Chain Lightning   |       |       |       |       |     6 ||     6
       Mephitic Cloud    |       |       |       |       |     1 ||     1
       Lee's Rapid Decon |       |       |       |       |     1 ||     1
  Use: Potion            |     3 |     1 |     2 |     1 |     7 ||    14
       Scroll            |       |       |       |     1 |     1 ||     2
  Eat: Bread ration      |       |       |       |     1 |       ||     1
